Map: Newkirk Precinct TE (Void)

Players

McMonroe - Winner!

  • Race: Zerg Zerg
  • Spawn Location: 7:00

Cuddlebear

  • Race: Terran Terran
  • Spawn Location: 5:00

Event: WCS Austin 2017

VOD

Have the link to the VOD?

Description

Time

  • Played on: April 28, 2017, 2:37 p.m.
  • Length: 14:34

All games in this series

Show
View Real Time Build Order
Export as new Build Order

McMonroe Zerg - Winner!

Build Orders: Hatch First, Muta Ling Bane 

Get SALT Encoding   

  12  0:00  Drone  
  13  0:13  Overlord  
  13  0:17  Drone  
  14  0:31  Drone x2  
  14  0:34  Drone  
  17  0:53  Hatchery  
  17  0:55  Drone  
  17  0:58  Drone  
  18  1:10  Extractor  
  17  1:14  Spawning Pool  
  17  1:17  Drone  
  17  1:20  Drone  
  18  1:28  Drone  
  19  1:39  Overlord  
  19  2:00  Queen  
  21  2:01  Zergling x2  
  21  2:02  Zergling x2  
  21  2:05  Drone, Queen  
  26  2:12  Drone  
  26  2:13  Metabolic Boost  
  27  2:16  Drone  
  28  2:23  Drone  
  28  2:28  Drone  
  30  2:35  Overlord  
  30  2:36  Queen  
  32  2:41  Queen  
  33  2:45  Drone  
  33  2:50  Overlord  
  34  2:51  Drone  
  34  2:56  Drone  
  36  3:00  Drone  
  36  3:05  Drone  
  38  3:10  Drone  
  38  3:11  Drone x2  
  38  3:12  Drone  
  42  3:14  Drone x2  
  42  3:16  Drone  
  45  3:25  Overlord  
  45  3:27  Zergling x2  
  45  3:30  Zergling x2  
  47  3:40  Zergling x2, Hatchery  
  47  3:41  Zergling x2  
  48  3:46  Overlord  
  48  3:49  Drone x3  
  48  3:51  Drone  
  52  3:57  Zergling x2  
  52  3:58  Zergling x6  
  56  4:11  Drone x2  
  56  4:12  Evolution Chamber  
  56  4:13  Evolution Chamber  
  56  4:16  Drone  
  56  4:26  Drone x7  
  61  4:39  Zerg Ground Armor Level 1, Zerg Melee Weapons Level 1  
  61  4:43  Drone x2  
  63  4:48  Overlord x2  
  63  4:53  Queen  
  63  4:55  Drone  
  63  4:56  Lair  
  63  4:57  Drone  
  67  5:00  Drone  
  67  5:01  Extractor  
  67  5:02  Extractor  
  67  5:03  Drone  
  67  5:07  Drone  
  67  5:11  Overlord  
  67  5:12  Drone x3, Baneling Nest  
  67  5:14  Drone x4  
  74  5:22  Extractor  
  72  5:31  Zergling x4  
  73  5:35  Extractor  
  73  5:36  Extractor  
  73  5:38  Drone x5  
  73  5:40  Hatchery  
  73  5:41  Drone x2  
  77  5:45  Drone x3  
  77  5:48  Hatchery  
  79  5:52  Drone x5  
  79  5:56  Centrifical Hooks  
  84  5:59  Zergling x2  
  85  6:06  Zergling x12  
  91  6:17  Zergling x10  
  97  6:19  Hatchery  
  96  6:26  Zergling x2  
  96  6:28  Overlord  
  96  6:29  Overlord x3  
  97  6:32  Zerg Melee Weapons Level 2  
  97  6:36  Baneling x5  
  97  6:37  Zerg Ground Armor Level 2  
  97  6:43  Overlord x4  
  97  6:45  Baneling x5  
  97  6:49  Zergling x2  
  97  6:50  Zergling x6  
  97  6:54  Zergling x8  
  104  6:59  Zergling x6  
  108  7:05  Drone x5  
  110  7:11  Drone x3, Spire  
  112  7:22  Drone x3  
  114  7:24  Zergling x8  
  114  7:27  Zergling x2  
  118  7:34  Extractor  
  115  7:38  Zergling x10  
  115  7:41  Zergling x2  
  115  7:42  Zergling x16  
  129  7:44  Baneling  
  129  7:45  Baneling x8  
  129  7:49  Zergling x2  
  129  7:50  Zergling x8  
  134  7:55  Zergling x2  
  133  8:00  Zergling x8  
  136  8:11  Zergling x16  
  137  8:18  Overlord x2  
  137  8:25  Mutalisk x10  
  152  8:28  Queen  
  152  8:29  Queen  
  152  8:31  Zerg Flyer Weapons Level 1  
  156  8:37  Overseer x2  
  156  8:42  Pneumatized Carapace  
  156  8:43  Mutalisk x5  
  166  8:48  Zergling x4  
  166  8:49  Zergling x10  
  166  8:54  Baneling x7  
  173  8:58  Zergling x10  
  173  9:00  Baneling x5  
  168  9:14  Drone x2  
  168  9:15  Drone x3  
  171  9:17  Mutalisk x2  
  175  9:29  Drone x3  
  177  9:34  Zergling x12  
  177  9:37  Overlord  
  181  9:44  Hatchery  
  171  9:54  Baneling x4  
  171  9:55  Overlord x3  
  171  9:57  Baneling  
  171  9:58  Baneling x16  
  171  10:00  Zergling x6  
  171  10:02  Infestation Pit  
  173  10:20  Zergling x38  
  185  10:38  Baneling x9  
  185  10:47  Mutalisk x8  
  192  10:52  Zergling x10  
  197  10:59  Hive  
  195  11:17  Zerg Flyer Weapons Level 2  
  194  11:25  Mutalisk x2  
  198  11:28  Zergling x2  
  199  11:49  Zergling x2  
  199  11:50  Baneling x12  
  200  11:56  Baneling x4  
  199  12:04  Zergling x12  
  166  12:16  Zergling x56  
  166  12:18  Mutalisk x3  
  192  12:29  Zergling x16  
  187  12:40  Hatchery  
  186  12:44  Zergling x14  
  186  12:45  Ultralisk Cavern  
  186  12:49  Zergling x6  
  186  12:50  Baneling x12  
  194  12:53  Extractor  
  194  12:54  Extractor  
  194  12:56  Zergling x2  
  194  12:57  Zergling x8, Overseer  
  197  12:59  Baneling x4  
  197  13:03  Hatchery, Baneling  
  196  13:07  Zergling x2  
  196  13:08  Zergling x2  
  196  13:12  Overlord x3  
  198  13:15  Baneling x10  
  196  13:22  Baneling x4  
  185  13:36  Zergling x2  
  185  13:37  Zergling x26  
  195  13:46  Zergling x12  
Show
View Real Time Build Order
Export as new Build Order

Cuddlebear Terran 

Build Orders: Reaper Expand, MMM Bio 

Get SALT Encoding   

  12  0:00  SCV  
  13  0:13  SCV  
  14  0:18  Supply Depot  
  14  0:25  SCV  
  15  0:39  SCV  
  15  0:40  Barracks  
  16  0:44  Refinery  
  16  0:51  SCV  
  17  1:03  SCV  
  18  1:20  SCV  
  19  1:28  Reaper  
  20  1:32  Orbital Command  
  20  1:42  Command Center  
  20  1:49  Supply Depot  
  20  1:58  SCV  
  21  2:02  Marine  
  21  2:08  Factory  
  22  2:12  SCV  
  23  2:21  Barracks Reactor  
  23  2:24  SCV  
  24  2:36  SCV  
  25  2:45  Command Center  
  25  2:48  SCV  
  26  2:55  Orbital Command  
  26  3:03  Hellion  
  28  3:06  Hellion  
  28  3:09  Barracks Tech Lab  
  28  3:10  SCV  
  31  3:22  SCV  
  31  3:23  SCV  
  31  3:25  Hellion  
  35  3:28  Hellion  
  35  3:32  Marine  
  38  3:34  SCV  
  38  3:35  SCV  
  38  3:36  Stimpack  
  40  3:46  SCV  
  40  3:47  SCV  
  42  3:50  Marine  
  43  3:56  Barracks  
  43  3:58  SCV  
  43  3:59  Barracks, SCV  
  43  4:00  Factory Reactor  
  45  4:04  Orbital Command  
  45  4:08  Marine  
  46  4:10  SCV  
  46  4:11  SCV  
  47  4:23  SCV  
  46  4:25  SCV  
  46  4:26  Marine  
  47  4:34  Supply Depot, Engineering Bay  
  47  4:35  SCV  
  47  4:37  Engineering Bay  
  47  4:40  SCV  
  47  4:41  Refinery, SCV  
  47  4:44  Marine x3  
  47  4:45  Factory Reactor  
  51  4:49  SCV  
  51  4:52  Starport  
  52  4:53  SCV  
  52  4:54  SCV  
  54  5:00  Supply Depot  
  54  5:01  Marine, SCV  
  54  5:04  Terran Infantry Weapons Level 1, Marine  
  54  5:05  SCV  
  54  5:06  SCV  
  59  5:11  Marine  
  59  5:12  Supply Depot, Marine x2  
  62  5:16  Refinery  
  62  5:19  Refinery  
  62  5:22  Terran Infantry Armor Level 1  
  62  5:23  SCV  
  62  5:24  SCV x2  
  65  5:31  Marine x2  
  65  5:32  Marine  
  69  5:35  SCV  
  69  5:36  SCV  
  69  5:38  Marine  
  69  5:39  Combat Shields, SCV  
  72  5:47  SCV  
  72  5:49  Marine, SCV  
  75  5:50  Supply Depot  
  75  5:52  Marine x2  
  75  5:53  Medivac  
  80  6:01  Supply Depot  
  80  6:02  Supply Depot  
  80  6:03  SCV  
  80  6:04  Barracks, SCV  
  80  6:05  Barracks  
  81  6:15  Marine  
  82  6:18  SCV  
  82  6:19  Marine  
  82  6:20  SCV  
  82  6:21  Marine, SCV  
  87  6:26  Medivac x2  
  87  6:29  Marine  
  87  6:30  SCV  
  87  6:32  Marine, Armory  
  94  6:35  Marine, Orbital Command  
  94  6:36  SCV  
  94  6:37  Marine  
  97  6:40  Marine  
  97  6:43  SCV  
  97  6:45  Supply Depot x2  
  97  6:46  Marine  
  100  6:48  SCV  
  100  6:50  Marine  
  100  6:52  Factory Reactor  
  102  6:54  Barracks Reactor x2  
  102  6:55  SCV  
  102  6:57  Marine  
  102  6:58  Marine  
  102  7:00  SCV  
  106  7:07  Marine, SCV  
  99  7:10  Marine  
  100  7:16  Marine  
  100  7:18  Marine, SCV  
  100  7:21  Marine  
  100  7:22  Terran Infantry Weapons Level 2, Terran Infantry Armor Level 2  
  104  7:23  SCV  
  104  7:24  Marine  
  104  7:28  Marine, SCV  
  108  7:33  Marine  
  108  7:34  SCV  
  108  7:35  SCV  
  108  7:36  Marine  
  112  7:39  Marine x2  
  112  7:42  Widow Mine x2, Marine x3  
  112  7:43  Medivac x2  
  123  7:48  Barracks x2, Marine x2  
  123  7:50  Barracks  
  125  7:53  Orbital Command  
  125  7:58  Marine  
  125  7:59  Marine, SCV  
  125  8:00  Marine  
  125  8:01  Marine  
  121  8:06  Marine  
  121  8:10  Marine  
  121  8:11  SCV  
  119  8:13  Marine, SCV  
  119  8:15  Marine x2  
  119  8:16  Marine  
  124  8:21  Marine  
  124  8:24  Widow Mine x2, Medivac x2, Marine, SCV  
  124  8:26  SCV  
  122  8:29  SCV  
  123  8:36  SCV  
  123  8:38  SCV  
  125  8:45  Bunker  
  125  8:47  Supply Depot x2  
  125  8:49  SCV x2  
  125  8:50  SCV  
  125  8:53  Supply Depot  
  126  9:09  Marauder, Marine  
  118  9:11  Marine x3  
  118  9:12  Barracks Tech Lab x2  
  114  9:19  Marine  
  114  9:20  Marine x2  
  114  9:21  Barracks Tech Lab, Marine  
  114  9:25  SCV x2  
  114  9:26  SCV  
  114  9:27  Marine  
  114  9:31  Marauder  
  120  9:35  Marine  
  120  9:36  Marauder, Marine  
  120  9:37  Marauder, SCV x2  
  126  9:42  SCV  
  123  9:47  Marine  
  123  9:48  Marauder  
  123  9:49  SCV x2  
  123  9:51  Supply Depot, Marine x2  
  123  9:52  Marauder  
  132  9:54  Widow Mine, Medivac x2, SCV  
  132  9:56  Widow Mine  
  141  10:01  Marine  
  141  10:02  Marauder  
  141  10:05  Marine  
  141  10:06  Marauder, Marine  
  149  10:10  Terran Infantry Weapons Level 3  
  149  10:11  Marine  
  149  10:17  Marauder, Marine  
  149  10:18  Marauder, Marine  
  149  10:22  Missile Turret  
  149  10:28  Marine x2  
  146  10:29  Marauder, Marine  
  146  10:33  Marine  
  146  10:34  Marine  
  139  10:46  Marine  
  139  10:47  Marauder, Marine  
  139  10:48  Marauder  
  139  10:49  Marine  
  140  10:50  Marauder  
  140  10:53  Marine  
  141  10:57  Unknown x3  
  141  10:59  Marauder  
  141  11:03  Marine x3  
  144  11:15  Marauder, Marine  
  144  11:17  Marine  
  144  11:18  Marauder  
  146  11:21  SCV  
  146  11:22  Marine x2  
  146  11:24  Terran Infantry Armor Level 3  
  149  11:31  Marine  
  149  11:32  Marauder  
  149  11:35  Marine x2  
  151  11:41  Marine  
  151  11:45  Marine  
  152  11:48  Marine  
  152  11:49  Widow Mine x2  
  152  11:51  Missile Turret  
  157  11:54  Missile Turret  
  132  12:20  Marauder, Marine x7  
  132  12:21  Marauder, Marine  
  114  12:34  Unknown x4  
  102  12:43  Marauder, Marine x3  
  102  12:44  Marauder, Marine x2  
  110  12:46  Marine  
  110  12:48  Orbital Command  
  112  12:52  Marauder, Marine x2  
  112  12:57  Marauder  
  118  12:58  Widow Mine  
  118  13:00  Starport Reactor  
  118  13:01  Widow Mine, Marine x3  
  125  13:05  SCV  
  125  13:06  Marine  
  127  13:19  Marauder, Marine x3  
  131  13:20  Marine  
  131  13:26  Marauder, Marine  
  134  13:27  Marine  
  134  13:28  Marine  
  134  13:29  Marine  
  130  13:38  Marauder  
  118  13:43  Marine x2  
  111  13:55  Marine x2  
  111  13:56  Marauder  
  111  13:57  Marine  
  111  13:58  Marauder, SCV x3  
  111  14:00  Marine x2  
  111  14:01  Widow Mine x2  
  127  14:05  Factory  
  118  14:11  SCV  
Tags
 
Add a new tag
Caveats
  • Supply blocks, unpowered buildings, or Contaminate may cause inaccurate times.
  • Supply counts are checked every 10 seconds.